Description

Attack with 10 banelings and make sure to hit timings!

Build Order

Get SALT Encoding   

  12  0:00  Drone  
  13  0:15  Overlord  
  13  0:25  Drone x2  
  15  0:40  Spawning Pool  
  14  0:49  Extractor  
  13  1:00  Drone x2  
  15  1:20  Queen  
  15  1:35  Baneling Nest  
  14  1:45  Overlord x2  
  14  2:00  Zergling x12  
Spawning Tool Build Advisor. Get it on Overwolf

Analysis

This build works well in diamond 2- masters 3.

Be sure to avoid siege tanks and make as many zerglings as you can after following the build.

Go to:

Details

  • Created by: BUJUNJO
  • Published on: Mar 13, 2017
  • Modified on: Mar 13, 2017
  • Patch: 3.8.0
Show
View Real Time Build Order
Export as new Build Order

Comments (0)

There are no comments. Be the first!

Create an account to comment!